Map: Ancient Cistern LE

Players

winzboy - Winner!

  • Race: Protoss Protoss
  • League: Gold
  • Spawn Location: 1:00

最后一个黄旭东

  • Race: Terran Terran
  • League: Gold
  • Spawn Location: 7:00

VOD

Have the link to the VOD?

Description

Time

  • Played on: May 25, 2023, 7:25 p.m.
  • Length: 10:53
Show
View Real Time Build Order
Export as new Build Order

winzboy Protoss - Winner!

Build Orders: 1 Gate Expand 

Get SALT Encoding   

  12  0:02  Probe  
  13  0:14  Probe  
  14  0:23  Pylon  
  14  0:27  Probe  
  15  0:43  Gateway  
  15  0:53  Probe (Chrono Boost)  
  16  0:58  Assimilator  
  16  1:06  Probe (Chrono Boost)  
  17  1:13  Probe (Chrono Boost)  
  18  1:20  Probe  
  19  1:35  Cybernetics Core  
  19  1:41  Nexus  
  19  1:47  Probe  
  19  1:49  Pylon  
  19  1:53  Assimilator  
  20  1:59  Probe  
  21  2:11  Probe  
  21  2:14  Stalker (Chrono Boost)  
  24  2:23  Probe  
  24  2:24  Warp Gate (Chrono Boost)  
  25  2:36  Probe  
  26  2:48  Probe  
  26  2:50  Stalker (Chrono Boost)  
  29  3:00  Probe  
  29  3:02  Probe  
  31  3:12  Probe  
  32  3:13  Stalker  
  32  3:14  Probe  
  35  3:24  Probe  
  35  3:26  Probe  
  37  3:30  Robotics Facility  
  37  3:36  Probe, Gateway  
  38  3:42  Probe  
  39  3:48  Probe  
  39  3:54  Probe  
  41  3:58  Gateway  
  41  4:00  Probe  
  42  4:06  Stalker  
  42  4:07  Pylon  
  42  4:09  Assimilator  
  44  4:11  Assimilator  
  44  4:16  Probe x2  
  46  4:26  Observer  
  46  4:28  Probe x2  
  49  4:40  Probe x2  
  51  4:54  Pylon  
  51  4:56  Twilight Council  
  51  5:01  Pylon  
  51  5:04  Pylon  
  51  5:06  Stalker  
  53  5:15  Gateway  
  53  5:16  Gateway  
  53  5:18  Gateway  
  53  5:19  Gateway  
  53  5:22  Gateway  
  53  5:24  Gateway  
  53  5:26  Gateway  
  53  5:28  Probe x2  
  55  5:30  Stalker  
  55  5:31  Stalker  
  55  5:34  Sentry  
  61  5:37  Charge (Chrono Boost)  
  61  5:55  Templar Archives  
  61  5:58  Probe x2, Pylon  
  61  6:01  Pylon  
  63  6:10  Forge  
  63  6:20  Zealot x3  
  63  6:21  Zealot x2  
  63  6:22  Zealot x3  
  63  6:23  Zealot x2  
  83  6:29  Immortal (Chrono Boost)  
  87  7:04  Nexus  
  87  7:07  Pylon  
  87  7:11  Pylon  
  87  7:13  Zealot x2  
  87  7:14  Pylon, Zealot  
  93  7:25  Warp Prism  
  95  7:38  Zealot x3  
  95  7:39  Zealot x2  
  95  7:40  Zealot  
  103  7:56  Zealot  
  103  7:57  Zealot x2  
  103  7:58  Zealot  
  111  8:01  Immortal  
  115  8:07  High Templar  
  115  8:11  Protoss Ground Weapons Level 1  
  117  8:20  Zealot x3  
  117  8:21  Zealot x2  
  117  8:22  Zealot x2  
  92  8:45  Immortal  
  92  8:46  Zealot  
  92  8:47  Zealot  
  92  9:04  Probe x2  
  94  9:16  Probe x2  
  96  9:24  Observer  
  96  9:28  Probe  
  88  9:46  Observer  
  66  10:41  Nexus  
Show
View Real Time Build Order
Export as new Build Order

最后一个黄旭东 Terran 

Build Orders: Reaper Expand 

Get SALT Encoding   

  12  0:02  SCV  
  14  0:14  SCV  
  14  0:20  Supply Depot  
  14  0:26  SCV  
  15  0:42  SCV  
  16  0:44  Barracks  
  16  0:48  Refinery  
  16  0:54  SCV  
  17  1:06  SCV  
  18  1:19  SCV  
  19  1:31  Reaper  
  19  1:32  Orbital Command  
  20  1:46  Command Center  
  20  1:58  SCV, Supply Depot  
  21  2:04  Marine  
  22  2:11  SCV  
  22  2:15  Refinery  
  23  2:24  SCV  
  23  2:28  Barracks Tech Lab  
  24  2:34  Factory  
  24  2:37  SCV  
  25  2:57  SCV  
  26  2:58  Orbital Command  
  26  3:04  Supply Depot  
  26  3:05  Marine  
  26  3:06  Stimpack  
  26  3:10  SCV  
  27  3:21  Factory Tech Lab  
  27  3:25  Barracks  
  27  3:26  Marine  
  28  3:27  SCV  
  28  3:30  SCV  
  30  3:36  Bunker  
  30  3:40  SCV  
  31  3:43  Siege Tank  
  31  3:45  Marine  
  35  3:53  SCV  
  35  3:55  SCV, Starport  
  37  4:03  Marine  
  37  4:05  SCV  
  37  4:07  SCV  
  40  4:14  Barracks Reactor, Supply Depot  
  40  4:17  SCV  
  40  4:19  SCV  
  44  4:25  Cyclone  
  44  4:27  Marine  
  46  4:32  Medivac  
  46  4:34  SCV x2  
  50  4:40  Supply Depot  
  50  4:45  Refinery  
  50  4:46  SCV x2  
  50  4:47  Refinery  
  50  4:52  Engineering Bay  
  52  4:54  Engineering Bay  
  52  5:01  Marine x2  
  52  5:02  Marine  
  52  5:03  Starport Reactor  
  55  5:09  Supply Depot  
  55  5:10  SCV  
  55  5:11  SCV  
  57  5:19  Marine  
  57  5:20  Marine x2  
  60  5:22  SCV  
  60  5:23  Terran Infantry Weapons Level 1, SCV, Terran Infantry Armor Level 1  
  60  5:26  Combat Shield  
  62  5:35  SCV  
  63  5:39  Marine x2  
  63  5:40  Marine  
  63  5:41  Command Center  
  66  5:43  Medivac  
  66  5:44  SCV  
  69  5:52  Missile Turret  
  69  5:57  Missile Turret  
  69  6:11  Missile Turret  
  69  6:14  Siege Tank  
  72  6:18  Medivac  
  72  6:20  Viking  
  72  6:22  Marine x2  
  78  6:29  Barracks  
  78  6:31  Barracks  
  78  6:33  Missile Turret, Supply Depot  
  78  6:52  Armory  
  78  6:53  Marine x3, SCV x2  
  82  7:01  Orbital Command  
  82  7:05  SCV x2  
  84  7:08  Viking  
  84  7:10  Liberator  
  84  7:11  Marine, Marauder  
  91  7:46  Orbital Command  
  91  7:49  Barracks Tech Lab  
  91  7:50  Barracks Tech Lab  
  91  8:13  SCV x3  
  94  8:25  SCV  
  85  8:52  SCV x2  
  85  8:53  SCV  
  88  8:57  Medivac, Siege Tank  
  88  8:58  Medivac  
  95  9:04  SCV  
  95  9:05  SCV x2  
  98  9:16  Marine, Marauder  
  101  9:22  Marine  
  101  9:23  Marauder  
  101  9:25  Marauder  
  88  9:44  Marine x2  
  88  9:45  Marine  
  68  9:57  Marauder  
  58  10:20  Marine  
Tags
 
Add a new tag
Caveats
  • Supply blocks, unpowered buildings, or Contaminate may cause inaccurate times.
  • Supply counts are checked every 10 seconds.